 Dungeon Crawl Stone Soup version 0.31-a0-236-g9a0961fb85 (webtiles) character file.

Game seed: 12077248830190459708

1194 qw the Skirmisher (level 8, -17/69 HPs)
             Began as a Minotaur Hexslinger on July 10, 2023.
             Was an Initiate of Okawaru.
             Demolished by a two-headed ogre
             ... wielding a +0 giant club
              (18 damage)
             ... on level 6 of the Dungeon.
             The game lasted 00:02:07 (5263 turns).

qw the Skirmisher (Minotaur Hexslinger)             Turns: 5263, Time: 00:02:08

Health: -17/69     AC: 12    Str: 13    XL:     8   Next: 20%
Magic:  8/8        EV: 11    Int: 10    God:    Okawaru [......]
Gold:   157        SH:  5    Dex: 15    Spells: 8/9 levels left

rFire   . . .        Y - +1 sling
rCold   . . .        (no shield)
rNeg    . . .        h - +0 ring mail
rPois   .            (helmet restricted)
rElec   .            l - scarf {repulsion}
rCorr   .            (no gloves)
SInv    .            a - +2 pair of boots
Will    .....        f - amulet of reflection
Stlth   +            d - +4 ring of protection
HPRegen 0.31/turn    (no ring)
MPRegen 0.11/turn

%: repel missiles, reflection
@: no status effects
A: horns 2, retaliatory headbutt
a: Renounce Religion


You were on level 6 of the Dungeon.
You worshipped Okawaru.
Okawaru was noncommittal.
You visited 2 branches of the dungeon, and saw 7 of its levels.

You collected 157 gold pieces.


Innate Abilities, Weirdness & Mutations

You have a pair of horns on your head.
You reflexively headbutt those who attack you in melee.


   Skills:
 + Level 5.4 Fighting
 - Level 9.0 Ranged Weapons
 - Level 2.9 Armour
 - Level 3.2 Dodging
 - Level 1.0 Spellcasting
 - Level 2.0 Hexes


You had 8 spell levels left.
You knew the following spells:

 Your Spells              Type           Power      Damage    Failure   Level
a - Slow                  Hex            16%        N/A       30%         1

Your spell library contained the following spells:

 Spells                   Type           Power      Damage    Failure   Level
 Inner Flame              Hex/Fire       2%         N/A       80%         3
 Portal Projectile        Hex/Tloc       4%         N/A       80%         3
 Cause Fear               Hex            2%         N/A       97%         4

Inventory:

Hand Weapons
 Y - a +1 sling (weapon)
Armour
 a - a +2 pair of boots (worn)
 h - a +0 ring mail (worn)
 l - a scarf of repulsion (worn)
Jewellery
 d - a +4 ring of protection (left hand)
 f - an amulet of reflection (around neck)
Scrolls
 b - a scroll of identify
 k - a scroll of enchant weapon {unknown}
Potions
 c - 2 potions of might
 e - 2 potions of haste
 g - a potion of lignification {unknown}
 i - 4 potions of curing
 j - a potion of brilliance {unknown}
 m - a potion of mutation {unknown}

Dungeon Overview and Level Annotations

Branches:
Dungeon (6/15)             Temple (1/1) D:5

Altars:
Ashenzari
Elyvilon
Fedhas
Gozag
Makhleb
Nemelex Xobeh
Okawaru
Sif Muna
Uskayaw
Wu Jian
Xom
Yredelemnul
Zin
The Shining One

Annotations:
D:5 2 runed translucent doors, qw's ghost, amateur MiHs


Message History

The two-headed ogre is heavily wounded.
The two-headed ogre hits you with a +0 giant club!
You block the two-headed ogre's attack.
You shoot a sling bullet.
The sling bullet hits the two-headed ogre.
The two-headed ogre is heavily wounded.
You shoot a sling bullet.
The sling bullet hits the two-headed ogre.
The two-headed ogre is heavily wounded.
The two-headed ogre hits you with a +0 giant club!
The two-headed ogre closely misses you.
You shoot a sling bullet.
The sling bullet hits the two-headed ogre!
The two-headed ogre is severely wounded.
You block the two-headed ogre's attack. The two-headed ogre closely misses you.
You shoot a sling bullet.
The sling bullet barely misses the two-headed ogre.
You shoot a sling bullet.
The sling bullet hits the two-headed ogre but does no damage.
The two-headed ogre is severely wounded.
The two-headed ogre barely misses you. You furiously retaliate!
You headbutt the two-headed ogre.
The two-headed ogre hits you with a +0 giant club!
You shoot a sling bullet.
The sling bullet completely misses the two-headed ogre.
The two-headed ogre closely misses you.
The two-headed ogre hits you with a +0 giant club.
You shoot a sling bullet.
The sling bullet hits the two-headed ogre!
The two-headed ogre is almost dead.
You shoot a sling bullet.
The sling bullet hits the two-headed ogre but does no damage.
The two-headed ogre is almost dead.
The two-headed ogre hits you with a +0 giant club!!
You block the two-headed ogre's attack.
You shoot a sling bullet.
The sling bullet hits the two-headed ogre but does no damage.
The two-headed ogre is almost dead.
The two-headed ogre hits you with a +0 giant club!!
You die...

#.# #.# . #.#
#. #.# ...
#.# .... #.#
..... #.#
......#####.#
..../.O@....#
......#######
..... ####


You could see a two-headed ogre.

Vanquished Creatures
  A steam dragon (D:5)
  2 sky beasts
  An ogre (D:4)
  A black bear (D:4)
  4 scorpions
  A howler monkey (D:6)
  2 jellies
  4 iguanas
  Terence (D:3)
  A sleepcap (D:6)
  An orc wizard (D:6)
  Robin (D:3)
  3 gnolls (D:6)
  6 adders
  2 ufetubi
  2 dart slugs (D:1)
  7 orcs
  7 endoplasms
  5 giant cockroaches
  13 goblins
  6 hobgoblins
  8 jackals
  9 kobolds
  A quokka (D:3)
  7 ball pythons
  4 bats
  3 frilled lizards
  A rat (D:1)
104 creatures vanquished.

Notes
Turn   | Place    | Note
-------+----------+-------------------------------------------
     0 | D:1      | qw the Minotaur Hexslinger began the quest for the Orb.
     0 | D:1      | Reached XP level 1. HP: 16/16 MP: 1/1
     0 | D:1      | 0 ||| qw: Version: 0.3-a-52-g30416fa
     0 | D:1      | 0 ||| qw: Game counter: 4709
     0 | D:1      | 0 ||| qw: Melee chars always use a shield: true
     0 | D:1      | 0 ||| qw: God list: Okawaru
     0 | D:1      | 0 ||| qw: Allow faded altars: false
     0 | D:1      | 0 ||| qw: Do Orc after clearing Dungeon:15 true
     0 | D:1      | 0 ||| qw: Do second Lair branch before Depths: true
     0 | D:1      | 0 ||| qw: Lair rune preference: random
     0 | D:1      | 0 ||| qw: Goals: Normal
     0 | D:1      | 0 ||| PLANNING D:1-11
   195 | D:1      | Reached skill level 3 in Ranged Weapons
   195 | D:1      | Reached XP level 2. HP: 23/23 MP: 2/2
   285 | D:1      | 285 ||| FLEEEEING.
   673 | D:1      | 673 ||| UPGRADING to +0 pair of boots.
   678 | D:1      | 678 ||| UPGRADING to +4 ring of protection.
   679 | D:1      | 679 ||| READING scroll labelled YTIGRU PYNEYS.
   680 | D:1      | 680 ||| READING scroll labelled URCHIS VACWIRIESE.
   681 | D:1      | 681 ||| DROPPING scroll of poison.
   728 | D:2      | Reached XP level 3. HP: 29/29 MP: 3/3
   731 | D:2      | 731 ||| STAIRDANCE
   847 | D:2      | Found a faded altar of an unknown god.
   959 | D:2      | Reached skill level 4 in Ranged Weapons
  1204 | D:2      | 1204 ||| UPGRADING to +2 pair of boots.
  1214 | D:2      | 1214 ||| DROPPING +0 pair of boots.
  1215 | D:2      | 1215 ||| UPGRADING to +0 ring mail.
  1225 | D:2      | 1225 ||| DROPPING +0 robe.
  1226 | D:2      | 1226 ||| READING 2 scrolls labelled JUINLEKHL FISOOCS.
  1227 | D:2      | 1227 ||| READING scroll labelled QAUGAENIWO.
  1255 | D:3      | Found a broken altar of Ashenzari.
  1286 | D:3      | Reached skill level 1 in Armour
  1286 | D:3      | Reached XP level 4. HP: 34/36 MP: 4/4
  1778 | D:3      | Noticed Terence
  1785 | D:3      | Killed Terence
  1786 | D:3      | Reached skill level 5 in Ranged Weapons
  1983 | D:3      | Noticed Robin
  1999 | D:3      | Reached XP level 5. HP: 29/42 MP: 5/5
  2012 | D:3      | Killed Robin
  2272 | D:3      | 2272 ||| UPGRADING to amulet of reflection.
  2277 | D:3      | 2277 ||| READING scroll labelled GUEJYN COMA.
  2282 | D:3      | 2282 ||| READING 2 scrolls of identify.
  2282 | D:3      | 2282 ||| IDENTIFYING murky blue potion
  2318 | D:4      | Noticed a +0 falchion
  2318 | D:4      | Noticed a +0 dagger
  2319 | D:4      | Noticed a +0 spear
  2319 | D:4      | Noticed a +0 falchion
  2319 | D:4      | Noticed a +0 short sword
  2319 | D:4      | Noticed a +0 dagger
  2321 | D:4      | Noticed a +0 short sword
  2322 | D:4      | Noticed a +0 spear
  2326 | D:4      | Found a hide-covered altar of Uskayaw.
  2348 | D:4      | HP: 8/44 [iguana (6)]
  2349 | D:4      | Reached skill level 3 in Fighting
  2789 | D:4      | Noticed a black bear
  2801 | D:4      | Killed a black bear
  2802 | D:4      | Reached skill level 6 in Ranged Weapons
  2802 | D:4      | Reached XP level 6. HP: 44/51 MP: 6/6
  3515 | D:4      | 3515 ||| UPGRADING to scarf of repulsion.
  3520 | D:4      | 3520 ||| DROPPING amulet of magic regeneration.
  3521 | D:4      | 3521 ||| READING scroll labelled ICHIPEROPLA.
  3522 | D:4      | 3522 ||| READING scroll labelled BECOTR QIPP.
  3523 | D:4      | 3523 ||| DRINKING 2 purple potions.
  3524 | D:4      | 3524 ||| READING 2 scrolls of identify.
  3524 | D:4      | 3524 ||| IDENTIFYING glowing sapphire potion
  3562 | D:5      | Entered Level 5 of the Dungeon
  3592 | D:5      | Reached skill level 7 in Ranged Weapons
  3592 | D:5      | Reached XP level 7. HP: 60/60 MP: 7/7
  3912 | D:5      | Noticed a steam dragon
  3915 | D:5      | 3915 ||| Stepping ~*~*~tactically~*~*~ (cloud).
  3927 | D:5      | Killed a steam dragon
  3928 | D:5      | Reached skill level 8 in Ranged Weapons
  3930 | D:5      | 3930 ||| Stepping ~*~*~tactically~*~*~ (cloud).
  4010 | D:5      | Found a large runed translucent door.
  4010 | D:5      | Found a large runed translucent door.
  4043 | D:5      | Noticed qw's ghost (amateur MiHs)
  4443 | D:5      | Found a staircase to the Ecumenical Temple.
  4444 | D:5      | 4444 ||| PLANNING TEMPLE
  4449 | Temple   | Entered the Ecumenical Temple
  4450 | Temple   | 4450 ||| PLANNING OKAWARU WORSHIP
  4471 | Temple   | Became a worshipper of Warmaster Okawaru
  4472 | Temple   | 4472 ||| PLANNING D:1-11
  4515 | D:6      | 4515 ||| PLANNING SEWER
  4533 | D:6      | 4533 ||| STAIRDANCE
  4626 | D:6      | 4626 ||| FLEEEEING.
  4627 | D:6      | 4627 ||| FLEEEEING.
  4628 | D:6      | 4628 ||| FLEEEEING.
  4629 | D:6      | 4629 ||| FLEEEEING.
  4630 | D:6      | 4630 ||| STAIRDANCE
  4847 | D:6      | Reached XP level 8. HP: 68/68 MP: 8/8
  4896 | D:6      | Reached skill level 9 in Ranged Weapons
  5000 | D:6      | Reached skill level 3 in Dodging
  5142 | D:6      | Reached * piety under Okawaru
  5197 | D:6      | 5197 ||| RIP SEWER
  5215 | D:6      | 5215 ||| PLANNING D:1-11
  5235 | D:6      | Noticed a two-headed ogre
  5236 | D:6      | 5236 ||| INVOKING Heroism.
  5262 | D:6      | HP: 1/69 [two-headed ogre/+0 giant club (22)]
  5263 | D:6      | Demolished by a two-headed ogre

Levels and vault maps discovered:
D:1:      roderic_chinese_lattice_arrival, layout_basic, hex_large
D:2:      layout_rooms, basic_ecumenical_altar, minmay_cupped
D:3:      layout_basic, overflow_temple_1_default, serial_glass,
          glass_columns_c, glass_columns_b, uniq_robin, uniq_terence
D:4:      layout_gridville, nicolae_uskayaw_en_pointe, hangedman_decor_push
D:5:      layout_basic, minmay_temple_entry_enclosed_plants,
          ebering_ghost_disaster_area
D:6:      layout_loops_corners, gup_sewer_entry_spiral, uniq_crazy_yiuf_cottage
Temple:   hellmonk_temple_two_chambers

Skill      XL: |  1  2  3  4  5  6  7  8 |
---------------+-------------------------+-----
Ranged Weapons | 3 4 5 6 7 8 9 |  9.0
Fighting       | 2 3 4 5 |  5.4
Armour         | 1 2 |  2.9
Dodging        | 3 |  3.2
Spellcasting   | |  1.0
Hexes          | |  2.0

Action                     |  1- 3 |  4- 6 |  7- 9 || total
---------------------------+-------+-------+-------++-------
   Fire: Sling             |   117 |   200 |   219 ||   536
 Invoke: Heroism           |       |       |     1 ||     1
    Use: Scroll            |     4 |     5 |       ||     9
         Potion            |       |     1 |       ||     1
 Armour: Ring mail         |    15 |    85 |    79 ||   179
         Robe              |     9 |       |       ||     9
  Dodge: Dodged            |    37 |   109 |    52 ||   198
         Repelled          |       |       |     1 ||     1
  Block: Other             |       |    25 |    42 ||    67

Table legend:
 A = Non-vault XP
 B = Vault XP
 C = Vault XP percentage of total XP
 D = Non-vault monster count
 E = Vault monster count
 F = Vault count percentage of total count
                 A         B        C        D         E       F
            +---------+---------+-------+---------+---------+-------
      Total |    1629 |      77 |   4.5 |      87 |      17 |  16.3
            +---------+---------+-------+---------+---------+-------
        D:1 |      41 |       0 |   0.0 |      22 |       0 |   0.0
        D:2 |      41 |       6 |  12.8 |      11 |       3 |  21.4
        D:3 |      59 |      71 |  54.6 |      18 |      14 |  43.8
        D:4 |     494 |       0 |   0.0 |      17 |       0 |   0.0
        D:5 |     482 |       0 |   0.0 |       6 |       0 |   0.0
        D:6 |     512 |       0 |   0.0 |      13 |       0 |   0.0
            +---------+---------+-------+---------+---------+-------
